 Dungeon Crawl Stone Soup version 0.17.1-2-g5865329 (webtiles) character file.

75 ololoev the Chopper (level 4, 34/35 HPs)
             Began as a Demonspawn Fighter on Feb 10, 2016.
             Quit the game on level 5 of the Dungeon.
             The game lasted 00:03:07 (608 turns).

ololoev the Chopper (Demonspawn Fighter)             Turns: 608, Time: 00:03:07

Health: 34/35      AC: 11    Str: 18    XL:     4   Next: 11%
Magic:  4/4        EV:  5    Int:  9    God:
Gold:   41         SH:  0    Dex: 12    Spells: 0 memorised, 3 levels left

rFire  . . .     SeeInvis .     a - +0 war axe
rCold  . . .     Rnd*Rage +     i - +0 plate armour
rNeg   . . .     SustAt   .     (no shield)
rPois  .         Gourm    .     (no helmet)
rElec  .         Spirit   +     (no cloak)
rCorr  .         Warding  .     (no gloves)
rMut   .         Stasis   .     (no boots)
MR     .....                    (no amulet)
Stlth  ..........               (no ring)
                                (no ring)

@: not resistant to hostile enchantments, extremely unstealthy
A: berserk 1, nightstalker 1, regeneration 1, magic shield
a: no special abilities


Innate Abilities, Weirdness & Mutations

You are slightly more attuned to the shadows.
When hurt, damage is shared between your health and your magic reserves.
You tend to lose your temper in combat.
Your natural rate of healing is unusually fast.

Inventory:

Hand Weapons
 a - a +0 war axe (weapon)
Armour
 i - a +0 plate armour (worn)
Scrolls
 b - a scroll of remove curse {unknown}
 c - a scroll of enchant armour {unknown}
 f - a scroll of fear {unknown}
 g - a scroll of magic mapping {unknown}
 h - 3 scrolls of identify {unknown}
 k - a scroll of immolation {unknown}
Potions
 d - a potion of might
 j - a potion of cancellation {unknown}
 n - a potion of heal wounds {unknown}
Comestibles
 e - a bread ration
 l - a beef jerky
 m - a meat ration


   Skills:
 - Level 3.0 Fighting
 * Level 3.4 Axes
 + Level 3.3 Armour
   Level 2.6 Shields


You had 3 spell levels left.
You didn't know any spells.


You were on level 5 of the Dungeon.
You were not hungry.

You visited 1 branch of the dungeon, and saw 5 of its levels.

You collected 41 gold pieces.

... ##.. #
...... ##
..#.## . ......
. #. ##....##
..##.##.....?.
......@.#.#.##
####.#..#.#.#
#...........#
..........###
#........######
.........'.<..#
#........####.#
#........# #
####.#....

Notes
Turn   | Place    | Note
--------------------------------------------------------------
     0 | D:1      | ololoev the Demonspawn Fighter began the quest for the Orb.
     0 | D:1      | Reached XP level 1. HP: 18/18 MP: 1/1
   285 | D:4      | Gained mutation: You are slightly more attuned to the shadows. [demonic ancestry]
   285 | D:4      | Reached XP level 2. HP: 20/24 MP: 2/2
   325 | D:3      | Gained mutation: Your system is resistant to poisons. [potion of mutation]
   325 | D:3      | Lost mutation: Your system is resistant to poisons. [potion of mutation]
   325 | D:3      | Gained mutation: You have a pair of small antennae on your head. [potion of mutation]
   326 | D:3      | Gained mutation: Your natural rate of healing is unusually fast. [potion of mutation]
   326 | D:3      | Gained mutation: You tend to lose your temper in combat. [potion of mutation]
   326 | D:3      | Lost mutation: You have a pair of small antennae on your head. [potion of mutation]
   454 | D:4      | Reached XP level 3. HP: 29/29 MP: 3/3
   490 | D:5      | Entered Level 5 of the Dungeon
   605 | D:5      | Gained mutation: When hurt, damage is shared between your health and your magic reserves. [demonic ancestry]
   605 | D:5      | Reached XP level 4. HP: 33/35 MP: 4/4
   608 | D:5      | Quit the game

Dungeon Overview and Level Annotations

Branches:
Dungeon (5/15)
 Temple: D:4-7

Altars:


Message History

No target in view!
No target in view!
Found a ring mail.
You enter a teleport trap!
The teleport trap disappears.
Your surroundings suddenly seem different.
Found 9 gold pieces.
Found a meat ration.
m - a meat ration
There is a stone staircase leading down here.
You climb downwards.
There is a stone staircase leading up here.
You open the door.
Found an orange potion.
There is an open door here.
Found 9 gold pieces and a scroll labeled HIFYAK LOSH.
A hound comes into view.
The hound barks!
You see here an orange potion.
You slash the hound!
The hound is heavily wounded.
The hound bites you but does no damage. x2
You hit the hound.
The hound is severely wounded.
The hound bites you but does no damage. x2
You closely miss the hound.
The hound is severely wounded.
The hound bites you but does no damage. The hound bites you.
You closely miss the hound.
The hound is severely wounded.
The hound bites you but does no damage. x2
Your plate armour prevents you from hitting the hound.
The hound is severely wounded.
The hound bites you but does no damage. The hound completely misses you.
You slash the hound!
You kill the hound!
You have reached level 4!
You feel stronger.
Your demonic ancestry asserts itself...
You feel your magical essence form a protective shroud around your flesh.
n - an orange potion Are you sure you want to abandon this character and quit the game? (Confirm with "yes".)

There were no monsters in sight!

Vanquished Creatures
  A hound (D:5)
  2 adders
  A shadow imp (D:4)
  An orc (D:3)
  A ball python (D:1)
  2 bats (D:3)
  2 giant cockroaches
  A hobgoblin (D:3)
  3 kobolds (D:3)
  A quokka (D:3)
  A giant newt (D:4)
  2 rats
18 creatures vanquished.

Action                   |  1- 3 |  4- 6 || total
-------------------------+-------+-------++-------
Melee: War axe           |    56 |       ||    56
  Use: Potion            |     2 |       ||     2

Vault maps used:
D:1:      lightli_arrival_farm
D:2:      first_bread, uniq_terence
D:4:      uniq_crazy_yiuf_cottage
